 Dungeon Crawl Stone Soup version 0.21-a0-401-g0b6bec4 (webtiles) character file.

2153 mutemala the Cleaver (level 9, -1/78 HPs)
             Began as a Hill Orc Fighter on Oct 23, 2017.
             Was a Believer of Makhleb.
             Slain by an orc warrior
             ... wielding a cursed +0 glaive
              (15 damage)
             ... on level 8 of the Dungeon.
             The game lasted 00:32:10 (8380 turns).

mutemala the Cleaver (Hill Orc Fighter)             Turns: 8380, Time: 00:32:10

Health: -1/78      AC: 11    Str: 22    XL:     9   Next: 31%
Magic:  0/9        EV:  7    Int:  8    God:    Makhleb [**....]
Gold:   254        SH: 10    Dex: 10    Spells: 8/8 levels left

rFire    . . .     SeeInvis .   y - +0 war axe
rCold    + . .     Gourm    .   c - +0 shield
rNeg     . . .     Faith    .   F - +0 chain mail
rPois    .         Spirit   +   (no helmet)
rElec    .         Reflect  .   g - scarf {Spirit}
rCorr    .         Harm     .   t - +0 pair of gloves
MR       .....                  (no boots)
Stlth    ..........             (no amulet)
HPRegen  0.23/turn              l - ring of protection from cold
MPRegen  0.11/turn              (no ring)

@: no status effects
A: no striking features
a: Minor Destruction, Renounce Religion


You were on level 8 of the Dungeon.
You worshipped Makhleb.
Makhleb was pleased with you.
You were not hungry.

You visited 2 branches of the dungeon, and saw 9 of its levels.

You collected 254 gold pieces.

Inventory:

Hand Weapons
 e - a +0 dagger of flaming
 y - a +0 war axe (weapon)
Armour
 c - a +0 shield (worn)
 g - a scarf of spirit shield (worn)
 t - a +0 pair of gloves (worn)
 F - a +0 chain mail (worn)
Jewellery
 l - a ring of protection from cold (left hand)
Wands
 w - a wand of iceblast (10/15)
 C - a wand of polymorph (20/24)
Scrolls
 h - 2 scrolls of blinking {unknown}
 i - 2 scrolls of fog {unknown}
 j - 5 scrolls of identify
 k - 4 scrolls of recharging {unknown}
 p - 2 scrolls of fear
 q - a scroll of teleportation
 x - a scroll of immolation {unknown}
 B - a scroll of amnesia {unknown}
 E - a scroll of magic mapping {unknown}
Potions
 d - 3 potions of might
 m - 5 potions of curing
 n - a potion of agility {unknown}
 o - 2 potions of heal wounds
 u - 3 potions of flight
 v - 2 potions of degeneration
 z - a potion of brilliance {unknown}
 D - a potion of lignification {unknown}
Comestibles
 a - a royal jelly
 f - 2 bread rations
 r - 2 meat rations
 A - 9 fruits


   Skills:
 + Level 6.6 Fighting
 + Level 10.2 Axes
 + Level 6.9 Armour
 + Level 1.9 Dodging
 + Level 1.0 Stealth
 + Level 6.4 Shields


You had 8 spell levels left.
You didn't know any spells.

Dungeon Overview and Level Annotations

Branches:
Dungeon (8/15)             Temple (1/1) D:4
   Lair: D:8-11

Altars:
Ashenzari
Cheibriados
Dithmenos
Elyvilon
Fedhas
Gozag
Kikubaaqudgha
Makhleb
Okawaru
Qazlal
Ru
Sif Muna
Trog
Uskayaw
Vehumet
Wu Jian
Xom
Yredelemnul
Zin


Message History

An orc warrior comes into view. It is wielding a glaive.
The orc warrior shouts!
You hear a shout!
Things that are here:
an iguana corpse; a worker ant corpse
Items here: )) [[ † a dagger; a robe; a flail; a leather armour; an orc corpse The orc warrior hits you from afar with a glaive!!
An orc comes into view. It is wielding a war axe.
The orc shouts!
You block the orc warrior's attack.
Items here: )) [[ † a dagger; a robe; a flail; a leather armour; an orc corpse You hit the orc warrior but do no damage.
The orc warrior hits you with a glaive!
You hit the orc warrior but do no damage.
The orc warrior hits you with a glaive!!
* * * LOW HITPOINT WARNING * * *
A leopard gecko zombie comes into view.
You closely miss the orc warrior. The orc warrior hits you with a glaive!
You die...

##.#.####.#
#.###.# # #.
#.# #.# #.#
# #.# #.#
#.# #.# #.#
#.# #.# #.#
#<# #.# #.#
#.# #.####.
#.# #.#
...$...###.#
#.#
#.Zoo@..#
#o#######


You could see an orc warrior, 2 orcs and a leopard gecko zombie.

Vanquished Creatures
  The ghost of kusayu the Cudgeler, an amateur TrFi of Ru (D:4)
  A wyvern (D:8)
  Menkaure (D:7)
  A black bear (D:4)
  2 phantoms
  3 ogres
  A big kobold (D:7)
  2 bullfrogs (D:7)
  4 scorpions
  A crimson imp (D:7)
  A bullfrog zombie (D:6)
  2 orc priests
  4 hounds
  An orc wizard (D:8)
  2 iguanas (D:8)
  7 worker ants
  2 hound skeletons
  A worker ant zombie (D:6)
  A gnoll (D:1)
  9 adders
  A shadow imp (D:7)
  3 worms
  A dart slug (D:2)
  7 leopard geckos
  11 orcs
  7 bats
  4 giant cockroaches
  12 goblins
  12 hobgoblins
  8 jackals
  5 quokkas
  8 frilled lizards
  A jackal skeleton (D:4)
  14 kobolds
  A quokka skeleton (D:7)
  6 rats
  A plant (D:7)
149 creatures vanquished.

Notes
Turn   | Place    | Note
-------+----------+-------------------------------------------
     0 | D:1      | mutemala the Hill Orc Fighter began the quest for the Orb.
     0 | D:1      | Reached XP level 1. HP: 19/19 MP: 1/1
    75 | D:1      | Reached XP level 2. HP: 13/27 MP: 2/2
    90 | D:1      | Reached skill level 3 in Axes
   457 | D:1      | Reached XP level 3. HP: 33/33 MP: 3/3
  1254 | D:2      | Reached XP level 4. HP: 20/41 MP: 4/4
  1268 | D:2      | Reached skill level 4 in Axes
  2296 | D:3      | Reached XP level 5. HP: 47/47 MP: 5/5
  2329 | D:4      | Noticed a phantom
  2329 | D:4      | Noticed an ogre
  2331 | D:4      | Noticed kusayu's ghost (amateur TrFi)
  2916 | D:3      | You fall through a shaft for 2 floors!
  2916 | D:5      | Entered Level 5 of the Dungeon
  2963 | D:6      | Noticed an ogre
  3161 | D:4      | Found a shadowy altar of Dithmenos.
  3167 | D:4      | Noticed a phantom
  3565 | D:4      | Reached skill level 5 in Axes
  3621 | D:3      | Killed a phantom
  3621 | D:3      | Reached XP level 6. HP: 11/53 MP: 1/6
  4993 | D:4      | Killed kusayu's ghost
  4993 | D:4      | Reached skill level 5 in Fighting
  4993 | D:4      | Reached skill level 6 in Axes
  4993 | D:4      | Reached skill level 5 in Armour
  4993 | D:4      | Reached XP level 7. HP: 13/61 MP: 2/7
  5385 | D:4      | Reached skill level 1 in Dodging
  5410 | D:4      | Reached skill level 7 in Axes
  5411 | D:4      | Found a staircase to the Ecumenical Temple.
  5443 | Temple   | Entered the Ecumenical Temple
  5474 | Temple   | Became a worshipper of Makhleb the Destroyer
  5729 | D:4      | Reached skill level 5 in Shields
  5729 | D:4      | Reached XP level 8. HP: 36/69 MP: 4/8
  6323 | D:5      | Reached skill level 8 in Axes
  6335 | D:5      | You fall through a shaft!
  6985 | D:7      | Reached * piety under Makhleb
  7042 | D:7      | Reached skill level 1 in Stealth
  7184 | D:7      | Noticed Menkaure
  7189 | D:7      | Killed Menkaure
  7189 | D:7      | Reached skill level 9 in Axes
  7488 | D:7      | Reached XP level 9. HP: 67/75 MP: 6/9
  8303 | D:8      | Reached skill level 10 in Axes
  8361 | D:8      | Reached ** piety under Makhleb
  8380 | D:8      | Slain by an orc warrior

Vault maps used:
D:1:      scummos_arrival_forest, minmay_lizard_pond
D:4:      black_bear_nest_2, temple_statues, grunt_dithmenos_smoke_and_mirrors
D:5:      first_bread, minivault_11
D:6:      kennysheep_mini
D:7:      corexii_shack_village, uniq_menkaure
Temple:   minmay_crystal_snake_temple

Skill      XL: |  1  2  3  4  5  6  7  8  9 |
---------------+----------------------------+-----
Fighting       | 4 5 6 |  6.6
Axes           | 3 4 5 6 7 9 10 | 10.2
Armour         | 4 5 6 |  6.9
Shields        | 4 5 6 |  6.4
Dodging        | 1 |  1.9
Stealth        | 1 |  1.0

Action                   |  1- 3 |  4- 6 |  7- 9 || total
-------------------------+-------+-------+-------++-------
Melee: War axe           |   138 |   209 |   332 ||   679
  Use: Scroll            |       |     4 |     5 ||     9
  Eat: Royal jelly       |     1 |     1 |     1 ||     3
       Fruit             |       |     3 |       ||     3
       Chunk             |       |     2 |     1 ||     3
       Meat ration       |       |     1 |     1 ||     2
       Bread ration      |       |       |     1 ||     1
Armor: Scale mail        |    63 |    97 |    96 ||   256
       Chain mail        |       |       |    12 ||    12
Dodge: Dodged            |    40 |    71 |   112 ||   223
Block: Shield            |    56 |   131 |   176 ||   363

Table legend:
 A = Spawn XP
 B = Non-spawn XP
 C = Spawn XP percentage of total XP
 D = Spawn monster count
 E = Non-spawn monster count
 F = Spawn count percentage of total count
 G = Total turns spent on level
                    A         B        C        D         E        F      G
               +---------+---------+-------+---------+---------+-------+---------
         Total |       0 |    3076 |   0.0 |       0 |     148 |   0.0 |  8380
               +---------+---------+-------+---------+---------+-------+---------
           D:1 |       0 |      38 |   0.0 |       0 |      18 |   0.0 |   703
           D:2 |       0 |      79 |   0.0 |       0 |      28 |   0.0 |  1043
           D:3 |       0 |     201 |   0.0 |       0 |      22 |   0.0 |  2446
           D:4 |       0 |    1106 |   0.0 |       0 |      17 |   0.0 |  1241
           D:5 |       0 |      42 |   0.0 |       0 |       5 |   0.0 |   735
           D:6 |       0 |     331 |   0.0 |       0 |      13 |   0.0 |   615
           D:7 |       0 |     753 |   0.0 |       0 |      34 |   0.0 |  1236
           D:8 |       0 |     526 |   0.0 |       0 |      11 |   0.0 |   216
               +---------+---------+-------+---------+---------+-------+---------
